 Dungeon Crawl Stone Soup version 0.17.1-2-g5865329 (webtiles) character file.

64 Goblin1989 the Sneak (level 3, -5/16 HPs)
             Began as a Spriggan Enchanter on Jan 25, 2016.
             Was an Initiate of Dithmenos.
             Slain by a worm (10 damage)
             ... on level 2 of the Dungeon.
             The game lasted 00:05:27 (1027 turns).

Goblin1989 the Sneak (Spriggan Enchanter)           Turns: 1027, Time: 00:05:27

Health: -5/16      AC:  3    Str:  4    XL:     3   Next: 91%
Magic:  8/9        EV: 18    Int: 17    God:    Dithmenos [......]
Gold:   87         SH:  0    Dex: 16    Spells: 2 memorised, 7 levels left

rFire  . . .     SeeInvis +     a - +1 dagger
rCold  . . .     Clarity  .     b - +1 robe
rNeg   + . .     SustAt   .     (shield restricted)
rPois  .         Gourm    .     (helmet restricted)
rElec  .         Spirit   .     (no cloak)
rCorr  .         Warding  .     (gloves unavailable)
rMut   .         Stasis   .     (boots unavailable)
MR     .....                    (no amulet)
Stlth  +++.......               (no ring)
                                l - ring of positive energy

@: very quick, not resistant to hostile enchantments, fairly stealthy
A: unfitting armour, see invisible, herbivore 3, speed 3, slow metabolism 2
a: Renounce Religion


You were on level 2 of the Dungeon.
You worshipped Dithmenos.
Dithmenos was noncommittal.
You were not hungry.

You visited 1 branch of the dungeon, and saw 2 of its levels.

You collected 87 gold pieces.

Inventory:

Hand Weapons
 a - a +1 dagger (weapon)
Missiles
 i - 12 poisoned needles
 m - 7 silver sling bullets
Armour
 b - a +1 robe (worn)
Jewellery
 l - a ring of positive energy (left hand)
Scrolls
 h - 3 scrolls of remove curse
 k - a scroll of amnesia {unknown}
Potions
 e - a potion of curing {unknown}
 f - a potion of ambrosia {unknown}
 g - a potion of mutation {unknown}
 j - a potion of might {unknown}
Books
 c - a book of Maledictions

   Spells                             Type                      Level
   a - Corona                         Hexes                        1
   b - Ensorcelled Hibernation        Hexes/Ice                    2
   c - Confuse                        Hexes                        3
   d - Tukima's Dance                 Hexes                        3
   e - Dazzling Spray                 Conjuration/Hexes            3
Comestibles
 d - 3 bread rations


   Skills:
 - Level 1.1 Short Blades
 - Level 3.0 Dodging
 + Level 5.0 Stealth
 * Level 4.1 Spellcasting
 * Level 4.5 Hexes


You had 7 spell levels left.
You knew the following spells:

 Your Spells              Type           Power        Failure   Level  Hunger
a - Corona                Hex            ###....      2%          1    None
b - Ensorcelled Hibernat  Hex/Ice        ##....       12%         2    ##.....


Dungeon Overview and Level Annotations

Branches:
Dungeon (2/15)

Altars:
Dithmenos


Innate Abilities, Weirdness & Mutations

You are tiny and cannot use many weapons and most armour.
You have supernaturally acute eyesight.
You are a herbivore.
You cover ground extremely quickly.
You need consume almost no food.


Message History

You hit the worm but do no damage.
The worm is heavily wounded.
You hit the worm.
The worm is severely wounded.
The worm stops glowing.
The worm bites you.
You hit the worm.
The worm is severely wounded.
Casting: Corona
Confirm with . or Enter, or press ? or * to list all spells.
Aiming: Corona
Press: ? - help, Shift-Dir - straight line, f/p - worm
Aim: a worm (severely wounded, chance to defeat MR: 65%)
The worm is outlined in light.
You hit the worm.
The worm is severely wounded.
You hit the worm but do no damage.
The worm is severely wounded.
The worm bites you!
Ouch! That really hurt!
You die...

#.# #.### ##.### ###.# ##
.....###...# ##. #
...#.......# ##.. .
##...#####........# .#
#..### ########.# #.#
.....## ########.##?.#
......####...?.......#####
##.....##.......@w........
.#................#####...
.#....>###......(##
.......# #.......########
......>##########........
..................#######
.....############## ######
#


You could see a worm.

Vanquished Creatures
  3 adders (D:2)
  2 worms (D:2)
  2 giant geckos (D:1)
  A ball python (D:2)
  3 bats
  4 giant cockroaches
  2 hobgoblins (D:1)
  5 kobolds
  A quokka (D:2)
  4 giant newts
  4 goblins
  4 rats
35 creatures vanquished.

Notes
Turn   | Place    | Note
--------------------------------------------------------------
     0 | D:1      | Goblin1989 the Spriggan Enchanter began the quest for the Orb.
     0 | D:1      | Reached XP level 1. HP: 9/9 MP: 5/5
    89 | D:1      | Reached XP level 2. HP: 13/13 MP: 7/7
   689 | D:1      | Learned a level 2 spell: Ensorcelled Hibernation
   696 | D:2      | Reached XP level 3. HP: 16/16 MP: 9/9
   733 | D:2      | Found a shadowy altar of Dithmenos.
   738 | D:2      | Became a worshipper of Dithmenos the Shadowed
  1001 | D:2      | Reached skill level 5 in Stealth
  1027 | D:2      | Slain by a worm

Action                   || total
-------------------------++-------
Melee: Dagger            ||   112
 Cast: Corona            ||    14
       Ensorcelled Hiber ||     1
  Use: Scroll            ||     3
 Stab: Sleeping          ||    14
